 Dungeon Crawl Stone Soup version 0.31-a0-180-g519b7de00c (webtiles) character file.

Game seed: 4241972255097645067

78 frimble the Ruffian (level 4, -4/29 HPs)
             Began as an Octopode Warper on June 20, 2023.
             Slain by a gnoll
             ... wielding a +0 halberd
              (9 damage)
             ... on level 3 of the Dungeon.
             The game lasted 00:01:47 (1890 turns).

frimble the Ruffian (Octopode Warper)               Turns: 1890, Time: 00:01:47

Health: -4/29      AC:  1    Str: 12    XL:     4   Next: 36%
Magic:  7/7        EV: 13    Int: 15    God:
Gold:   105        SH:  0    Dex: 11    Spells: 7/7 levels left

rFire   . .          .
                       - Unarmed
rCold   . . .        (no shield)
rNeg    . . .        (helmet restricted)
rPois   .            (no amulet)
rElec   .            (no ring)
rCorr   .            (no ring)
SInv    .            (no ring)
Will    .....        (no ring)
Stlth   ++           (no ring)
HPRegen 0.24/turn    (no ring)
MPRegen 0.10/turn    (no ring)
                     (no ring)

%: no passive effects
@: confused, mighty, brilliant, ambrosia-drunk, hasted, very quick
A: almost no armour, amphibious, 8 rings, camouflage 1, gelatinous body 1,
(nimble swimmer 1), tentacles
a: no special abilities


You were on level 3 of the Dungeon.
You visited 1 branch of the dungeon, and saw 3 of its levels.

You collected 105 gold pieces.

Inventory:

Missiles
 b - 7 boomerangs of dispersal (quivered)
Scrolls
 a - a scroll of blinking
 g - a scroll of teleportation
Potions
 d - 2 potions of curing
 e - a potion of magic
 k - a potion of lignification {unknown}


   Skills:
 - Level 2.0 Fighting
 - Level 1.0 Throwing
 - Level 2.3 Dodging
 + Level 4.4 Unarmed Combat
 - Level 2.0 Spellcasting
 - Level 3.0 Translocations


You had 7 spell levels left.
You didn't know any spells.
Your spell library contained the following spells:

 Spells                   Type           Power      Damage    Failure   Level
 Blink                    Tloc           30%        N/A       10%         2
 Lesser Beckoning         Tloc           30%        N/A       10%         2
 Teleport Other           Tloc           15%        N/A       19%         3
 Cigotuvi's Dreadful Rot  Necr/Pois/Air  4%         N/A       32%         2
 Poisonous Vapours        Pois/Air       4%         N/A       32%         2
 Vhi's Electric Charge    Tloc/Air       18%        N/A       34%         3
 Ignite Poison            Fire/Tmut/Pois 2%         N/A       54%         3
 Mephitic Cloud           Conj/Pois/Air  2%         N/A       54%         3
 Manifold Assault         Tloc           15%        N/A       54%         4
 Freezing Cloud           Conj/Ice/Air   1%         6-21      99%         5


Dungeon Overview and Level Annotations

Branches:
Dungeon (3/15)

Altars:
Cheibriados


Innate Abilities, Weirdness & Mutations

You cannot wear most types of armour.
You are amphibious.
You can wear up to eight rings at the same time.
Your skin changes colour to match your surroundings (Stealth+).
Your rubbery body absorbs attacks. (AC +1, EV +1)
((You are camouflaged when in or above water. (Stealth+)))
You have tentacles for arms and can constrict up to eight enemies at once.


Message History

Sorry, I don't know how to get there.
Sorry, I don't know how to get there.
HP restored.
A quokka comes into view. 2 gnolls come into view.
The gnoll shouts!
You hear a shout!
You see here a +0 club.
A gnoll comes into view. It is wielding a +0 spear.
The quokka twitches its whiskers.
The quokka bites you.
You barely miss the quokka. Your grab misses the quokka. The quokka misses you.
You closely miss the quokka. Your grab misses the quokka. The quokka bites you.
You tentacle-slap the quokka.
You kill the quokka!
You aren't carrying any items that you can evoke.
Okay, then.
You feel very mighty all of a sudden.
The gnoll hits you from afar with a +0 spear!
A gnoll comes into view. It is wielding a +0 club.
You don't know any spells.
Sorry, you're not good enough to have a special ability.
Okay, then.
Unknown command.
It was a potion of brilliance.
You feel clever all of a sudden.
The gnoll hits you from afar with a +0 spear.
The gnoll barely misses you.
It was a potion of haste.
You feel yourself speed up.
The gnoll hits you from afar with a +0 spear.
The gnoll barely misses you. The gnoll misses you.
It was a potion of ambrosia.
You are confused.
You feel invigorated.
The gnoll shouts!
The gnoll hits you from afar with a +0 spear.
* * * LOW HITPOINT WARNING * * *
The gnoll hits you from afar with a +0 spear.
* * * LOW HITPOINT WARNING * * *
The gnoll hits you from afar with a +0 halberd!
You die...

,,,,+,,,,,,,,,,,,,,,+............
,,,,*,,,,....,,.....#########....
,,,,,,,,,.....,.....+...g..######
,,,,*****....g*#....######...####
,⌠,**,>.##.⌠..##....### ***,,,,,
,,**,....##...........# ******
,#####....##..gg......# *
##8.8##....##.g.†.....# *
#.....#.....#...@.....#
#.._..#.._..#.........#
#.....#.....#...).....#
##....##8.8##.........#
.##....#####..........#
..##.....##......######
.⌠.##..[##.⌠.....#
....##'##........# *****
..............)..# **,,,,


You could see 4 gnolls.

Vanquished Creatures
  3 adders (D:2)
  2 dart slugs
  4 endoplasms
  A giant cockroach (D:1)
  4 goblins
  7 hobgoblins
  6 kobolds
  2 quokkas
  4 ball pythons
  4 bats
  A frilled lizard (D:1)
  5 rats
43 creatures vanquished.

Notes
Turn   | Place    | Note
-------+----------+-------------------------------------------
     0 | D:1      | frimble the Octopode Warper began the quest for the Orb.
     0 | D:1      | Reached XP level 1. HP: 14/14 MP: 3/3
   218 | D:1      | Reached XP level 2. HP: 13/19 MP: 5/5
   366 | D:1      | Reached skill level 3 in Unarmed Combat
   657 | D:1      | Reached XP level 3. HP: 24/24 MP: 6/6
  1253 | D:2      | Reached skill level 4 in Unarmed Combat
  1309 | D:2      | Reached XP level 4. HP: 10/29 MP: 7/7
  1853 | D:3      | Found a faded altar of an unknown god.
  1858 | D:3      | Found a snail-covered altar of Cheibriados.
  1890 | D:3      | Slain by a gnoll

Illustrated notes

Levels and vault maps discovered:
D:1:      dpeg_arrival_arbitrary_b, layout_basic, nicolae_titane
D:2:      layout_loops_ring, chequers_serial_rivers_large_b
D:3:      layout_basic, nicolae_overflow_hallway_of_the_gods,
          nicolae_overflow_ecumenical_swirl, amcnicky_mini_rare_corridor_liquid,
          chequers_serial_rivers_micro_b, chequers_decorated_corner,
          uniq_natasha

Skill      XL: |  1  2  3 |
---------------+----------+-----
Unarmed Combat | 3 4 |  4.4
Fighting       | |  2.0
Throwing       | |  1.0
Dodging        | |  2.3
Spellcasting   | |  2.0
Translocations | |  3.0

Action                     |  1- 3 |  4- 6 || total
---------------------------+-------+-------++-------
  Melee: Unarmed           |    68 |    27 ||    95
         Constrict         |    18 |     5 ||    23
         Tentacles         |    11 |     3 ||    14
         Punch             |     1 |     1 ||     2
    Use: Scroll            |     3 |     4 ||     7
         Potion            |       |     4 ||     4
   Stab: Sleeping          |     6 |     2 ||     8
 Armour: Skin              |     5 |     3 ||     8
  Dodge: Dodged            |    40 |    19 ||    59

Table legend: (Time is in decaauts)
 A = Elapsed time spent in this place.
 B = Non-inter-level travel time spent in this place.
 C = Inter-level travel time spent in this place.
 D = Time resting spent in this place.
 E = Time spent auto-exploring this place.
 F = Levels seen in this place.
 G = Mean time per level.
                   A        B        C        D        E       F      G
               +--------+--------+--------+--------+--------+-----+--------+
         Total |   1883 |   1840 |     43 |     27 |   1527 |   3 |  627.7 |
       Dungeon |   1883 |   1840 |     43 |     27 |   1527 |   3 |  627.7 |
               +--------+--------+--------+--------+--------+-----+--------+

Top non-repeatable levels by time:
     D:1: 1016 daAuts
     D:2: 824 daAuts
     D:3: 43 daAuts
